AoeStats
← Lord Laggington

Yucatan

513442446Analyzed
2v2 RM · 1d ago on Oct 13, 2026· 45m 4s· 4 players
Game mode
Random Map
Map size
Medium (4 player)
Population
200
Speed
Normal
Resources
Standard
Victory
Conquest
Starting age
Dark Age
Ending age
Imperial Age
RankedLock teamsTeams togetherTeam positionsShared explorationLock speedFull tech treeHidden civsTurbo modeCheats
Victory
Defeat
🇩🇪 Goths · Germany
1037
+14
🇩🇪 Khmer · Germany
1026
+14
vs
🇨🇭 Vietnamese · Switzerland
1000
-42
🇨🇭 Japanese · Switzerland
979
-14
подлец
11:43 Feudal Age
11:28 Loom
12:39 Horse Collar
12:49 Double-Bit Axe
12:56 Gold Mining
14:45 Fletching
15:08 Forging
19:00 Castle Age
20:33 Wheelbarrow
20:18 Husbandry
20:30 Bloodlines
22:23 Scale Barding Armor
23:12 Man-at-Arms
23:54 Squires
23:21 Pikeman
24:56 Man-at-Arms
26:31 Iron Casting
25:57 Stone Mining
27:55 Heavy Plow
28:12 Bow Saw
28:12 Fletching
29:23 Gold Shaft Mining
30:00 Scale Mail Armor
32:30 Chain Mail Armor
32:10 Bodkin Arrow
32:19 Gambesons
36:37 Imperial Age
36:06 Chain Barding Armor
35:57 Yasama
36:55 Hand Cart
37:51 Conscription
36:56 Halberdier
39:44 Ballistics
40:25 Chemistry
40:33 Blast Furnace
41:46 Two-Man Saw
41:09 Caravan
40:52 Elite Samurai
42:37 Kataparuto
43:30 Plate Mail Armor
PilzPilz
7:36 Loom
14:04 Feudal Age
15:32 Wheelbarrow
14:44 Town Watch
14:46 Double-Bit Axe
14:59 Gold Mining
15:00 Stone Mining
22:08 Castle Age
20:12 Horse Collar
22:35 Pikeman
23:48 Hand Cart
30:39 Elite Skirmisher
33:00 Squires
33:41 Fortified Wall
34:22 Heavy Plow
38:42 Husbandry
38:52 Bloodlines
38:44 Fletching
38:54 Padded Archer Armor
38:56 Scale Mail Armor
40:37 Stone Shaft Mining
40:14 Bow Saw
41:26 Scale Barding Armor
41:32 Forging
novusb4
9:06 Loom
10:52 Feudal Age
16:33 Castle Age
14:23 Double-Bit Axe
14:34 Gold Mining
18:03 Bloodlines
17:53 Husbandry
17:51 Horse Collar
22:23 Scale Barding Armor
22:58 Bow Saw
25:18 Forging
25:41 Heavy Plow
26:01 Stone Mining
29:47 Chain Barding Armor
30:37 Wheelbarrow
33:37 Hand Cart
34:21 Iron Casting
37:39 Imperial Age
37:26 Town Watch
38:26 Gold Shaft Mining
38:34 Stone Shaft Mining
38:07 Cavalier
39:27 Plate Barding Armor
39:53 Blast Furnace
38:44 Fletching
40:01 Crop Rotation
43:58 Double Crossbow
44:19 Conscription
Lord Laggington
3:56 Loom
11:03 Feudal Age
13:26 Horse Collar
13:32 Double-Bit Axe
16:15 Castle Age
20:49 Stone Mining
22:27 Wheelbarrow
22:26 Heavy Plow
25:19 Hand Cart
24:52 Town Watch
24:59 Treadmill Crane
25:31 Masonry
25:51 Gold Mining
27:27 Town Patrol
29:28 Stone Shaft Mining
34:14 Imperial Age
31:16 Man-at-Arms
31:58 Squires
32:04 Murder Holes
33:06 Bow Saw
33:17 Long Swordsman
33:18 Pikeman
34:16 Scale Mail Armor
34:27 Forging
34:08 Fletching
34:41 Ballistics
34:24 Anarchy
34:34 Two-Handed Swordsman
34:36 Halberdier
36:06 Chain Mail Armor
36:27 Iron Casting
36:16 Champion
37:56 Conscription
37:44 Capped Ram
38:32 Perfusion
39:45 Blast Furnace
38:40 Bodkin Arrow
39:19 Architecture
39:49 Chemistry
41:24 Crop Rotation
40:21 Elite Huskarl
44:36 Bracer
44:42 Devotion
Connection lost

Rejoining the realm…

Still unreachable

The connection could not be restored.

Session expired

The server has moved on; the page needs a fresh start.